 Dungeon Crawl Stone Soup version 0.20.0-8-g6b59dc7 (webtiles) character file.

5425 shinino the Cleaver (level 10, -3/76 HPs)
             Began as a Demonspawn Chaos Knight on May 31, 2017.
             Incinerated by the severe capriciousness of Xom (6 damage)
             ... on level 8 of the Dungeon.
             The game lasted 00:27:41 (34820 turns).

shinino the Cleaver (Demonspawn Chaos Knight)      Turns: 34820, Time: 00:27:41

Health: -3/76      AC: 16    Str: 15      XL:     10   Next: 40%
Magic:  11/11      EV: 12    Int: 16 (18) God:    Xom [.*....]
Gold:   267        SH:  0    Dex: 14      Spells: 11/11 levels left

rFire    . . .     SeeInvis .   a - +5 battleaxe
rCold    + + +     Gourm    .   (shield currently unavailable)
rNeg     . . .     Faith    .   A - +3 leather armour {rC+}
rPois    +         Spirit   .   (helmet unavailable)
rElec    +         Reflect  .   h - +1 cloak
rCorr    +         Harm     .   E - +2 pair of gloves
MR       .....     Clarity  +   I - +1 pair of boots of the Grue {Stlth+}
Stlth    ++........             (no amulet)
Regen    0.3/turn               z - ring of poison resistance
MPRegen  0.2/turn               y - +1 ring of evasion

@: brilliant, liquid flames, resistant, fire vulnerable, very slightly
contaminated, glowing
A: claws 1, horns 3, talons 1, rugged brown scales 2, clarity, cold resistance
2, deterioration 1, frail 1, nightstalker 1, electricity resistance, spiny 2,
wild magic 1, evolution 1
a: Renounce Religion


You were on level 8 of the Dungeon.
You worshipped Xom.
You were a plaything of Xom.
You were hungry.

You visited 1 branch of the dungeon, and saw 8 of its levels.

You collected 357 gold pieces.
You spent 90 gold pieces at shops.

Inventory:

Hand Weapons
 a - a +5 battleaxe (weapon)
Armour
 h - a +1 cloak (worn)
 A - a +3 leather armour of cold resistance (worn)
 E - a +2 pair of gloves (worn)
 I - the +1 pair of boots of the Grue (worn) {Stlth+}
   (You found it on level 8 of the Dungeon)

   It makes you more stealthy.
Jewellery
 t - an uncursed ring of stealth
 y - a +1 ring of evasion (right hand)
 z - a ring of poison resistance (left hand)
 H - an uncursed ring of positive energy
Wands
 s - a wand of digging (4/24)
 w - a wand of clouds (3/9)
 C - a wand of acid (12/15)
 L - a wand of random effects (20/48)
Scrolls
 e - a scroll of enchant armour
 j - a scroll of amnesia {unknown}
 k - 4 scrolls of teleportation
 m - a scroll of immolation {unknown}
 o - 3 scrolls of remove curse
 q - a scroll of recharging {unknown}
 v - 2 scrolls of magic mapping
 B - a scroll of enchant weapon {unknown}
Potions
 c - 2 potions of mutation
 i - a potion of haste
 l - a potion of ambrosia {unknown}
 n - a potion of might
 p - 2 potions of flight
 r - 2 potions of lignification
 u - a potion of cancellation {unknown}
 x - a potion of heal wounds {unknown}
 F - a potion of degeneration {unknown}
Comestibles
 b - 4 fruits
 f - 2 meat rations
 G - a bread ration
 J - 9 royal jellies


   Skills:
 + Level 7.8 Fighting
 + Level 11.0 Axes
 + Level 6.8 Armour
 - Level 0.8 Dodging
 - Level 1.0 Spellcasting


You had 11 spell levels left.
You didn't know any spells.

Dungeon Overview and Level Annotations

Branches:
Dungeon (8/15)             Temple (0/1) D:4
   Lair: D:8-11

Altars:
Ashenzari
Gozag
Kikubaaqudgha
Qazlal
Uskayaw
Xom
Zin
The Shining One

Shops:
D:6 [


Innate Abilities, Weirdness & Mutations

You have a pair of large horns on your head.
You are mostly covered in rugged brown scales. (AC +2, +5% HP)
You are slightly more attuned to the shadows.
You are mostly covered in sharp spines.
You have sharp fingernails.
You have sharp toenails.
You possess an exceptional clarity of mind.
Your flesh is very cold resistant. (rC++)
Your body sometimes deteriorates upon taking damage.
You are frail. (-10% HP)
You are resistant to electric shocks. (rElec)
Your spells are a little harder to cast, but a little more powerful.
You evolve.


Message History

As you read the scroll of blinking, it crumbles to dust.
You kill the two-headed ogre!
You feel your dexterity returning.
Your Axes skill increases to level 11!
You start resting.
Xom's attention turns to you.
You are covered in liquid flames!
You are covered in liquid flames!
You are on fire!
You are on fire!
You are on fire!
You are on fire!
It was a potion of brilliance.
You feel clever all of a sudden.
You are covered in liquid flames!
* * * LOW HITPOINT WARNING * * *
It was a potion of resistance.
You feel protected.
You are covered in liquid flames!
You die...

############# #...........#
##..........#
##........<################
#....................l.[..
##.......@################
######..............#########
####.#.##......................#
..#.#.#....)...................#
..'#†#.##.###..>...............##
###.#[#.#.# #.#.##...............
######### #.#..#...............
###.##.#..##...........
#.>.##.....#...........


There were no monsters in sight!

Vanquished Creatures
  A two-headed ogre (D:8)
  Pikel (D:5)
  A yaktaur (D:6)
  A fire bat (D:6)
  2 soldier ants (D:8)
  A spatial vortex (D:6)
  A water moccasin (D:7)
  2 orc warriors (D:8)
  An ice beast (shapeshifter) (D:6)
  2 phantoms (D:8)
  3 slaves (D:5)
  An ice beast (D:5)
  5 ogres
  A sky beast (D:6)
  3 centaurs
  A big kobold (D:2)
  3 bullfrogs
  A scorpion (D:4)
  11 wights (D:7)
  2 crimson imps (D:8)
  2 howler monkeys (D:7)
  A bullfrog skeleton (D:8)
  5 hounds
  13 orc priests
  12 orc wizards
  3 iguanas
  5 worker ants
  A worker ant zombie (D:7)
  4 gnolls (D:5)
  11 adders
  A shadow imp (D:6)
  An ooze (D:7)
  An adder skeleton (D:5)
  3 worms
  A dart slug (D:1)
  4 leopard geckos
  37 orcs
  7 giant cockroaches
  11 goblins
  16 hobgoblins
  9 jackals
  7 kobolds
  A quokka (D:6)
  5 ball pythons
  13 bats
  7 frilled lizards
  A jackal skeleton (D:5)
  A leopard gecko skeleton (D:7)
  2 quokka skeletons
  14 rats
  2 fire vortices (D:6)
245 creatures vanquished.

Vanquished Creatures (others)
  A slave (D:5)
  An adder (D:5)
  An orc (D:5)
  A giant cockroach (D:5)
4 creatures vanquished.

Grand Total: 249 creatures vanquished

Notes
Turn   | Place    | Note
-------+----------+-------------------------------------------
     0 | D:1      | shinino the Demonspawn Chaos Knight began the quest for the Orb.
     0 | D:1      | Reached XP level 1. HP: 18/18 MP: 1/1
   102 | D:1      | Reached skill level 3 in Axes
   105 | D:1      | Gained mutation: You are partially covered in rugged brown scales. (AC +1, +3% HP) [demonic ancestry]
   105 | D:1      | Reached XP level 2. HP: 17/24 MP: 2/2
   223 | D:1      | XOM: harmless Hex miscast
   243 | D:1      | XOM: harmless Chrm miscast
   271 | D:1      | XOM: divination: magic mapping
  1043 | D:1      | XOM: god gift: scroll labeled DOLEGU ZACASE {god gift}
  1779 | D:1      | XOM: medium Pois miscast
  2123 | D:1      | XOM: cloud trail
  2333 | D:1      | Reached XP level 3. HP: 26/29 MP: 3/3
  2463 | D:1      | XOM: harmless Air miscast
  3423 | D:1      | XOM: harmless Tmut miscast
  4030 | D:1      | XOM: mild Tloc miscast
  4031 | D:1      | Noticed a spatial vortex
  4303 | D:1      | XOM: divination: detect creatures
  4766 | D:1      | Reached skill level 4 in Axes
  5325 | D:1      | Noticed a skeletal warrior
  5326 | D:1      | Noticed a skeletal warrior
  5358 | D:1      | XOM: harmless Summ miscast
  5363 | D:1      | XOM: confuse monster(s)
  5487 | D:2      | Gained mutation: You have sharp toenails. [potion of mutation]
  5487 | D:2      | Gained mutation: You have a pair of small horns on your head. [potion of mutation]
  5519 | D:2      | XOM: mild Tloc miscast
  5808 | D:2      | Found a glowing golden altar of the Shining One.
  5839 | D:2      | Gained mutation: You are partially covered in sharp spines. [demonic ancestry]
  5839 | D:2      | Reached XP level 4. HP: 36/36 MP: 4/4
  5994 | D:2      | Found Zin's Purification Station.
  5994 | D:2      | Found a glowing silver altar of Zin.
  6042 | D:2      | XOM: silly message
  6176 | D:2      | XOM: divination: detect creatures
  6238 | D:2      | XOM: cloud trail
  6395 | D:2      | Found an opulent altar of Gozag.
  6475 | D:2      | XOM: cloud trail
  6674 | D:2      | XOM: give mutations
  6674 | D:2      | Gained mutation: You are mostly covered in rugged brown scales. (AC +2, +5% HP) [Xom's mischief]
  6674 | D:2      | Gained mutation: Armour fits poorly on your strangely shaped body. [Xom's mischief]
  6674 | D:2      | Gained mutation: You are weak. (Str -2) [Xom's mischief]
  6920 | D:2      | XOM: mild Conj miscast
  7046 | D:2      | XOM: harmless Conj miscast
  7171 | D:2      | XOM: divination: detect items
  7197 | D:2      | XOM: harmless Chrm miscast
  7665 | D:2      | XOM: divination: magic mapping
  7679 | D:2      | XOM: divination: magic mapping
  9545 | D:2      | XOM: mild Ice miscast
  9573 | D:2      | Noticed a big kobold
  9579 | D:2      | Killed a big kobold
  9579 | D:2      | Reached skill level 5 in Axes
  9579 | D:2      | Mutation became permanent: You have a pair of small horns on your head. [demonic ancestry]
  9579 | D:2      | Gained mutation: You have a pair of small horns on your head. [demonic ancestry]
  9579 | D:2      | Reached XP level 5. HP: 42/43 MP: 5/5
  9741 | D:2      | XOM: god gift: 26 bolts
  9746 | D:2      | XOM: give mutations
  9746 | D:2      | Gained mutation: You are dopey. (Int -2) [Xom's mischief]
  9746 | D:2      | Lost mutation: You are weak. (Str -2) [Xom's mischief]
  9746 | D:2      | Lost mutation: Armour fits poorly on your strangely shaped body. [Xom's mischief]
  9746 | D:2      | Gained mutation: You are weak. (Str -2) [Xom's mischief]
  9891 | D:2      | XOM: divination: detect items
 11072 | D:2      | XOM: god gift: 20 gold pieces
 11140 | D:2      | Bought a potion of curing for 90 gold pieces
 11240 | D:2      | XOM: silly message
 11408 | D:3      | Found a shattered altar of Ashenzari.
 11601 | D:3      | Reached skill level 6 in Axes
 11639 | D:3      | XOM: god gift: runed arbalest {god gift}
 11715 | D:3      | XOM: god gift: scroll labeled DEITRIM QUREQY {god gift}
 11985 | D:3      | Gained mutation: You have a pair of horns on your head. [demonic ancestry]
 11985 | D:3      | Reached XP level 6. HP: 49/49 MP: 6/6
 12806 | D:3      | XOM: summons 1 hostile demon
 13351 | D:3      | XOM is BORED!
 13351 | D:3      | XOM: give mutations
 13351 | D:3      | Gained mutation: You are robust. (+10% HP) [Xom's mischief]
 13351 | D:3      | Gained mutation: You are agile. (Dex +2) [Xom's mischief]
 13351 | D:3      | Lost mutation: You are robust. (+10% HP) [Xom's mischief]
 13459 | D:3      | XOM: give mutations
 13459 | D:3      | Gained mutation: You are very weak. (Str -4) [Xom's mischief]
 13459 | D:3      | Gained mutation: You are mostly covered in sharp spines. [Xom's mischief]
 13459 | D:3      | Lost mutation: You are very weak. (Str -4) [Xom's mischief]
 14122 | D:3      | XOM: harmless Chrm miscast
 14336 | D:3      | XOM: mild Hex miscast
 14849 | D:4      | Reached skill level 7 in Axes
 14883 | D:4      | XOM: harmless Air miscast
 14981 | D:4      | XOM: harmless Air miscast
 15025 | D:4      | XOM: 5-stop teleportation journey
 15247 | D:4      | Found a staircase to the Ecumenical Temple.
 15434 | D:4      | Reached skill level 1 in Spellcasting
 15434 | D:4      | Reached XP level 7. HP: 51/54 MP: 8/8
 15760 | D:4      | XOM: harmless Tmut miscast
 15845 | D:4      | XOM: god gift: chain mail {god gift}
 16068 | D:5      | Entered Level 5 of the Dungeon
 16095 | D:5      | Reached skill level 8 in Axes
 16446 | D:5      | Reached XP level 8. HP: 49/60 MP: 9/9
 16466 | D:5      | Noticed Pikel
 16466 | D:5      | Reached skill level 9 in Axes
 16474 | D:5      | XOM: enchant monster (bad)
 16480 | D:5      | Killed Pikel
 17163 | D:5      | XOM: noise
 17338 | D:5      | XOM: mild Conj miscast
 17399 | D:6      | Noticed Edmund
 17403 | D:6      | Noticed Edmund
 17403 | D:6      | Edmund changed into Edmund the fire bat
 17403 | D:6      | XOM: polymorph Edmund -> Edmund the fire bat
 17406 | D:6      | Killed Edmund the fire bat
 17406 | D:6      | Reached skill level 5 in Fighting
 17436 | D:6      | Identified the Catalogue of Noxious Necromancy
 17512 | D:6      | Found Luoda's Armour Shoppe.
 17874 | D:6      | Gained mutation: You are slightly more attuned to the shadows. [demonic ancestry]
 17874 | D:6      | Reached XP level 9. HP: 67/71 MP: 10/10
 17929 | D:6      | Found an ancient bone altar of Kikubaaqudgha.
 18073 | D:6      | XOM: medium Erth miscast
 18128 | D:6      | XOM: summons 2 hostile shadow creatures
 19032 | D:6      | XOM: cloud trail
 19109 | D:6      | XOM: god gift: wand of clouds (?/9) {god gift}
 19368 | D:6      | XOM: 1-stop teleportation journey
 19403 | D:6      | XOM: mild Tloc miscast
 19541 | D:6      | XOM: god gift: 10 royal jellies
 19673 | D:6      | XOM: god gift: runed leather armour {god gift}
 19830 | D:6      | XOM: cloud trail
 19874 | D:6      | XOM: polymorph bullfrog -> boggart
 19883 | D:6      | Gained mutation: You are frail. (-10% HP) [mutagenic meat]
 19884 | D:6      | Lost mutation: You are agile. (Dex +2) [mutagenic meat]
 19885 | D:6      | Gained mutation: You possess an exceptional clarity of mind. [mutagenic meat]
 20226 | D:6      | Gained mutation: You are resistant to electric shocks. (rElec) [mutagenic meat]
 20227 | D:6      | Lost mutation: You are weak. (Str -2) [mutagenic meat]
 21356 | D:6      | XOM: noise
 22063 | D:6      | XOM: give mutations
 22063 | D:6      | Gained mutation: Your spells are a little harder to cast, but a little more powerful. [Xom's grace]
 22063 | D:6      | Lost mutation: You are dopey. (Int -2) [Xom's grace]
 22063 | D:6      | Gained mutation: You have sharp fingernails. [Xom's grace]
 22063 | D:6      | Gained mutation: Your flesh is cold resistant. (rC+) [Xom's grace]
 22245 | D:6      | XOM: 2-stop teleportation journey
 22542 | D:6      | XOM: silly message
 22666 | D:6      | XOM: mild Necr miscast
 22922 | D:6      | XOM: give mutation
 22922 | D:6      | Gained mutation: Your flesh is heat resistant. (rF+) [Xom's mischief]
 23219 | D:6      | XOM is BORED!
 23219 | D:6      | XOM: torment (33/64 hp)
 23503 | D:6      | XOM: draining
 24181 | D:6      | XOM: harmless Chrm miscast
 25158 | D:6      | XOM: mild Pois miscast
 25353 | D:6      | XOM: cloud trail
 25780 | D:6      | XOM: divination: detect creatures
 25995 | D:6      | XOM: medium Necr miscast
 26215 | D:6      | XOM: mild Fire miscast
 26256 | D:6      | XOM: noise
 26305 | D:6      | XOM: give mutations
 26305 | D:6      | Gained mutation: You have a pair of large horns on your head. [Xom's grace]
 26305 | D:6      | Gained mutation: You are agile. (Dex +2) [Xom's grace]
 26305 | D:6      | Gained mutation: You have supernaturally acute eyesight. (SInv) [Xom's grace]
 26987 | D:6      | Noticed a yaktaur
 26994 | D:6      | XOM: confuse monster(s)
 26997 | D:6      | Killed a yaktaur
 26997 | D:6      | Reached skill level 10 in Axes
 26997 | D:6      | Reached skill level 5 in Armour
 27156 | D:6      | XOM: harmless Hex miscast
 27314 | D:6      | XOM: scenery: create altars
 27945 | D:6      | XOM: scenery: create altars
 28376 | D:6      | XOM is BORED!
 28376 | D:6      | XOM: give mutations
 28376 | D:6      | Lost mutation: Your flesh is heat resistant. (rF+) [Xom's mischief]
 28376 | D:6      | Lost mutation: You have supernaturally acute eyesight. (SInv) [Xom's mischief]
 28445 | D:6      | XOM: cloud trail
 28447 | D:6      | XOM: god gift: 34 gold pieces
 28794 | D:6      | XOM: mild Fire miscast
 29462 | D:6      | XOM: mild Tloc miscast
 29608 | D:6      | XOM: harmless Pois miscast
 29628 | D:6      | XOM: noise
 29769 | D:7      | Found a stormy altar of Qazlal.
 30175 | D:7      | XOM: 3-stop teleportation journey
 30205 | D:7      | Noticed a two-headed ogre
 30463 | D:7      | Found a hide-covered altar of Uskayaw.
 30721 | D:7      | XOM: scenery: create altars
 31162 | D:7      | XOM: 7-stop teleportation journey
 32890 | D:7      | XOM is BORED!
 32890 | D:7      | XOM: give mutations
 32890 | D:7      | Gained mutation: Your body sometimes deteriorates upon taking damage. [Xom's mischief]
 32890 | D:7      | Lost mutation: You are agile. (Dex +2) [Xom's mischief]
 32890 | D:7      | Lost mutation: You have a pair of large horns on your head. [Xom's mischief]
 32906 | D:7      | XOM: divination: magic mapping
 33007 | D:7      | XOM: severe Conj miscast
 33127 | D:7      | XOM: harmless Necr miscast
 34009 | D:8      | Reached XP level 10. HP: 34/75 MP: 11/11
 34229 | D:8      | XOM: give mutations
 34229 | D:8      | Gained mutation: Your flesh is very cold resistant. (rC++) [Xom's grace]
 34229 | D:8      | Gained mutation: You evolve. [Xom's grace]
 34229 | D:8      | Gained mutation: You have a pair of large horns on your head. [Xom's grace]
 34458 | D:8      | XOM: mild Hex miscast
 34537 | D:8      | Found an ancient bone altar of Kikubaaqudgha.
 34537 | D:8      | Noticed an orange demon
 34546 | D:8      | Noticed a rust devil
 34549 | D:8      | Got a pair of heavily runed boots
 34579 | D:8      | XOM: medium Tloc miscast
 34601 | D:8      | Identified the +1 pair of boots of the Grue {Stlth+} (You found it on level 8 of the Dungeon)
 34703 | D:8      | XOM: noise
 34758 | D:8      | Noticed a two-headed ogre
 34763 | D:8      | XOM: butterfly on damage
 34790 | D:8      | XOM: noise
 34799 | D:8      | XOM: summons friendly white imp
 34813 | D:8      | Killed a two-headed ogre
 34813 | D:8      | Reached skill level 11 in Axes
 34818 | D:8      | XOM: severe Fire miscast
 34819 | D:8      | HP: 3/76 [burnt (7)]
 34820 | D:8      | Incinerated by the severe capriciousness of Xom

Skill      XL: |  1  2  3  4  5  6  7  8  9 10 |
---------------+-------------------------------+-----
Axes           | 3 4 5 6 7 8 9 10 11 | 11.0
Spellcasting   | 1 |  1.0
Fighting       | 5 7 |  7.8
Armour         | 4 6 |  6.8
Dodging        | |  0.8

Action                   |  1- 3 |  4- 6 |  7- 9 | 10-12 || total
-------------------------+-------+-------+-------+-------++-------
Melee: Hand axe          |   104 |   147 |   249 |       ||   500
       Kick              |     4 |    35 |    87 |     5 ||   131
       Headbutt          |     1 |    21 |    56 |     3 ||    81
       Battleaxe         |       |       |    23 |    55 ||    78
Evoke: Wand              |       |       |       |     1 ||     1
  Use: Potion            |     2 |       |     5 |     3 ||    10
       Scroll            |       |     4 |     5 |     4 ||    13
 Stab: Sleeping          |       |     1 |     9 |     3 ||    13
       Confused          |       |     1 |     3 |       ||     4
       Paralysed         |       |       |     9 |       ||     9
       Distracted        |       |       |     3 |       ||     3
  Eat: Bread ration      |     2 |     2 |     1 |       ||     5
       Chunk             |     6 |    11 |    20 |     3 ||    40
       Meat ration       |       |     2 |     2 |       ||     4
       Royal jelly       |       |       |    13 |       ||    13
       Fruit             |       |       |     3 |       ||     3
Armor: Leather armour    |    40 |    34 |    53 |    15 ||   142
Dodge: Dodged            |    65 |    70 |    80 |    26 ||   241
